 Dungeon Crawl Stone Soup version 0.30-a0-4-ga7cffc901d (webtiles) character file.

Game seed: 11408487928089513870

1582147 EnegeticOcto the Warrior (level 24, 194/197 HPs)
             Began as a Palentonga Fighter on Aug 21, 2022.
             Was a High Priest of Okawaru.
             Escaped with the Orb
             ... and 3 runes!
             The game lasted 02:25:20 (71799 turns).

EnegeticOcto the Warrior (Palentonga Fighter)      Turns: 71799, Time: 02:25:20

Health: 194/197    AC: 47    Str: 25    XL:     24   Next: 67%
Magic:  34/34      EV: 11    Int:  7    God:    Okawaru [*****.]
Gold:   2546       SH: 29    Dex: 25    Spells: 20/23 levels left

rFire   + + .      SeeInvis +    a - +6 broad axe of Sharp Resourcefulness {drain, *Rage rElec rPois Stlth+, !a}
rCold   + . .      Faith    +    q - +7 tower shield of the Realm of Zot {Str+3}
rNeg    + + .      Spirit   .    F - +13 plate armour "Ushroti" {rN++ Int-2}
rPois   +          Reflect  .    l - +1 helmet "Veuhitew" {Harm rCorr Dex+4}
rElec   +          Harm     +    V - +2 cloak
rCorr   +          Rampage  .    Q - +3 pair of gauntlets of War {Slay+5}
Will    ++++.      Rage     20%  g - +4 barding {rF+}
Stlth   ..........               D - amulet "Roakk" {Faith *Corrode rElec Will+++ Stlth-}
HPRegen 0.42/turn                c - +4 ring of slaying
MPRegen 0.24/turn                M - ring of protection from fire

@: studying 2 skills
A: large, rugged brown scales 3, see invisible, deformed body, roll 1, armoured
tail, reflexive curl, claws 1, cold resistance 1, frail 1, inability to drink
after injury 1
0: Orb of Zot
}: 3/15 runes: serpentine, barnacled, slimy
a: Rolling Charge, Renounce Religion, Heroism, Finesse, Duel


You escaped.
You worshipped Okawaru.
Okawaru was extremely pleased with you.
You visited 10 branches of the dungeon, and saw 51 of its levels.
You visited the Abyss 1 time.
You visited 2 bazaars.
You also visited: Bailey and Gauntlet.

You collected 9259 gold pieces.
You spent 6713 gold pieces at shops.

Inventory:

Hand Weapons
 a - the +6 broad axe of Sharp Resourcefulness (weapon) {drain, *Rage rElec rPois Stlth+, !a}
   (You bought it in a shop on level 2 of the Orcish Mines)

   A truly terrible weapon, it drains the life of any living foe it strikes.
   rElec:     It insulates you from electricity.
   rPois:     It protects you from poison.
   *Rage:     It berserks you when you make melee attacks (+20% chance).
   Stlth:     It makes you more stealthy.
 b - a +9 vampiric demon trident
   (Okawaru gifted it to you on level 3 of the Lair of Beasts)
 C - a +1 short sword of distortion
   (You found it on level 5 of the Lair of Beasts)
Missiles
 h - 4 boomerangs (quivered)
 A - 22 silver javelins
 J - 9 silver boomerangs
 L - 45 javelins
 N - 8 throwing nets {!f}
 T - 17 curare-tipped darts
Armour
 g - a +4 barding of fire resistance (worn)
   (Okawaru gifted it to you on level 9 of the Dungeon)
 l - the +1 helmet "Veuhitew" (worn) {Harm rCorr Dex+4}
   (Okawaru gifted it to you on level 15 of the Dungeon)

   Dex:       It affects your dexterity (+4).
   rCorr:     It protects you from acid and corrosion.
   Harm:      It increases damage dealt and taken.
 q - the +7 tower shield of the Realm of Zot (worn) {Str+3}
   (Okawaru gifted it to you on level 2 of the Shoals)

   Str:       It affects your strength (+3).
 u - the +6 chain mail of Leaves {Rampage rC+ rN+++ Dex-3}
   (Okawaru gifted it to you on level 11 of the Dungeon)

   Dex:       It affects your dexterity (-3).
   rC:        It protects you from cold.
   rN:        It renders you almost immune to negative energy.
   Rampage:   It bestows one free step when moving towards enemies.
 F - the +13 plate armour "Ushroti" (worn) {rN++ Int-2}
   (Okawaru gifted it to you on level 5 of the Realm of Zot)

   Int:       It affects your intelligence (-2).
   rN:        It greatly protects you from negative energy.
 Q - the +3 pair of gauntlets of War (worn) {Slay+5}
   (You bought it in a shop in a bazaar)

   Slay:      It affects your accuracy & damage with ranged weapons and melee
   (+5).
 V - a +2 cloak (worn)
   (You found it in a Gauntlet)
Jewellery
 c - a +4 ring of slaying (left hand)
   (You bought it in a shop on level 1 of the Snake Pit)
 D - the amulet "Roakk" (around neck) {Faith *Corrode rElec Will+++ Stlth-}
   (You found it on level 5 of the Pits of Slime)

   [amulet of faith]

   It allows you to gain divine favour quickly.
   rElec:     It insulates you from electricity.
   *Corrode:  It may corrode you when you take damage.
   Will:      It greatly increases your willpower.
   Stlth:     It makes you less stealthy.
 M - a ring of protection from fire (right hand)
   (You found it on level 4 of the Shoals)
 U - a ring of willpower
   (You found it on level 5 of the Lair of Beasts)
Wands
 j - a wand of digging (15) {@v3}
   (You found it on level 13 of the Dungeon)
 r - a wand of polymorph (6)
   (You found it on level 4 of the Depths)
 K - a wand of roots (21)
   (You found it on level 8 of the Dungeon)
 W - a wand of mindburst (13)
   (You found it on level 4 of the Lair of Beasts)
 Y - a wand of quicksilver (12)
   (You found it on level 4 of the Lair of Beasts)
Scrolls
 e - 26 scrolls of teleportation {@r3 !r}
 f - 11 scrolls of poison
 v - 3 scrolls of immolation
 y - 6 scrolls of vulnerability
 B - a scroll of enchant armour
 E - 4 scrolls of magic mapping {@r5 !r}
 H - 5 scrolls of blinking {@r4}
 S - 4 scrolls of fear {!r}
 X - 3 scrolls of torment
Potions
 d - 8 potions of might {@q3 !q}
 i - 18 potions of curing {@q1 !q}
 m - 7 potions of ambrosia
 n - 4 potions of mutation
 p - 4 potions of berserk rage
 s - 9 potions of heal wounds {@q2 !q}
 t - 3 potions of invisibility
 w - 12 potions of lignification {@q6}
 x - 3 potions of resistance
 z - 9 potions of magic
 I - 7 potions of attraction
 P - 3 potions of haste {@q4 !q}
 R - 8 potions of flight
 Z - 4 potions of cancellation
Miscellaneous
 k - a tin of tremorstones (2/2)
   (You found it on level 3 of the Elven Halls)
 o - a lightning rod (4/4)
   (You found it on level 3 of the Shoals)
 G - a condenser vane
   (You found it on level 2 of the Shoals)
 O - a phial of floods
   (You found it in a bailey)


   Skills:
 - Level 20.0 Fighting
 - Level 10.7 Maces & Flails
 - Level 14.0 Polearms
 + Level 18.3 Throwing
 - Level 12.0 Armour
 - Level 15.0 Dodging
 - Level 15.0 Shields
 - Level 15.0 Invocations
 - Level 10.0 Evocations


You had 20 spell levels left.
You knew the following spells:

 Your Spells              Type           Power      Damage    Failure   Level
a - Apportation           Tloc           0%         N/A       100%        1
Y - Blink                 Tloc           0%         N/A       100%        2

Your spell library contained the following spells:

 Spells                   Type           Power      Damage    Failure   Level
 Beastly Appendage        Tmut           0%         N/A       100%        1
 Foxfire                  Conj/Fire      0%         2x1d4     100%        1
 Freeze                   Ice            0%         1d3       100%        1
 Necrotise                Necr           0%         1d4       100%        1
 Static Discharge         Conj/Air       0%         3-3/arc   100%        2
 Sublimation of Blood     Necr           0%         N/A       100%        2
 Wereblood                Tmut           0%         N/A       100%        2
 Conjure Flame            Conj/Fire      0%         6-21      100%        3
 Dazzling Flash           Conj/Hex       0%         N/A       100%        3
 Frozen Ramparts          Ice            0%         1d1       100%        3
 Gell's Gravitas          Tloc           0%         N/A       100%        3
 Ignite Poison            Fire/Tmut/Pois 0%         N/A       100%        3
 Inner Flame              Hex/Fire       0%         N/A       100%        3
 Lesser Beckoning         Tloc           0%         N/A       100%        3
 Mephitic Cloud           Conj/Pois/Air  0%         N/A       100%        3
 Ozocubu's Armour         Ice            0%         N/A       100%        3
 Portal Projectile        Hex/Tloc       0%         N/A       100%        3
 Spider Form              Tmut/Pois      0%         N/A       100%        3
 Stone Arrow              Conj/Erth      0%         3d7       100%        3
 Teleport Other           Tloc           0%         N/A       100%        3
 Vampiric Draining        Necr           0%         2d6       100%        3
 Anguish                  Hex/Necr       0%         N/A       100%        4
 Dispel Undead            Necr           0%         3d6       100%        4
 Flame Wave               Conj/Fire      0%         2d4       100%        4
 Hailstorm                Conj/Ice       0%         3d3       100%        4
 Ice Form                 Ice/Tmut       0%         N/A       100%        4
 Iskenderun's Mystic Bla  Conj/Tloc      0%         2d3       100%        4
 Leda's Liquefaction      Hex/Erth       0%         N/A       100%        4
 Olgreb's Toxic Radiance  Pois           0%         N/A       100%        4
 Passage of Golubria      Tloc           0%         N/A       100%        4
 Sticky Flame             Conj/Fire      0%         2d3       100%        4
 Agony                    Necr           0%         N/A       100%        5
 Alistair's Intoxication  Tmut/Pois      0%         N/A       100%        5
 Blade Hands              Tmut           0%         N/A       100%        5
 Freezing Cloud           Conj/Ice/Air   0%         6-21      100%        5
 Lee's Rapid Deconstruct  Erth           0%         3d5*      100%        5
 Manifold Assault         Tloc           0%         N/A       100%        5
 Yara's Violent Unravell  Hex/Tmut       0%         3d3       100%        5
 Dispersal                Tloc           0%         N/A       100%        6
 Eringya's Noxious Bog    Tmut/Pois      0%         N/A       100%        6
 Iron Shot                Conj/Erth      0%         9d1       100%        6
 Starburst                Conj/Fire      0%         6d3       100%        6
 Statue Form              Tmut/Erth      0%         N/A       100%        6
 Enfeeble                 Hex            0%         N/A       100%        7
 Ozocubu's Refrigeration  Ice            0%         4d7       100%        7
 Storm Form               Tmut/Air       0%         N/A       100%        7
 Disjunction              Tloc           0%         N/A       100%        8
 Ignition                 Fire           0%         3d3       100%        8
 Lehudib's Crystal Spear  Conj/Erth      0%         10d2      100%        8
 Maxwell's Capacitive Co  Air            0%         ∞         100%        8
 Polar Vortex             Ice            0%         N/A       100%        9
 Tukima's Dance           Hex            Unusable   N/A       N/A         3
 Animate Armour           Summ/Erth      Unusable   N/A       N/A         4
 Summon Ice Beast         Ice/Summ       Unusable   N/A       N/A         4
 Summon Lightning Spire   Summ/Air       Unusable   N/A       N/A         4
 Summon Forest            Summ/Tloc      Unusable   N/A       N/A         5
 Simulacrum               Ice/Necr       Unusable   N/A       N/A         6
 Summon Hydra             Summ           Unusable   N/A       N/A         7

Dungeon Overview and Level Annotations

Branches:
Dungeon (15/15)            Temple (0/1) D:7            Lair (5/5) D:9
 Shoals (4/4) Lair:3        Snake (4/4) Lair:3        Slime (5/5) Lair:5
    Orc (2/2) D:12            Elf (3/3) Orc:2        Vaults (4/5) D:14
  Crypt (0/3) Vaults:3     Depths (4/4) D:15            Zot (5/5) Depths:4
 Bailey (visited)         Gauntlet (visited)

Altars:
Dithmenos
Fedhas
Hepliaklqana
Okawaru
Jiyva

Shops:
D:3 :(   D:5 [   D:7 [   D:8 (   Orc:2 ([!:   Shoals:3 ?   Snake:1 =
Snake:3 (   Vaults:1 !

Portals:
Hell: Depths:1 Depths:2 Depths:3 Depths:4
Abyss: Snake:1 Depths:3 Depths:4
Pandemonium: Depths:2 Depths:3
Ziggurat: Depths:3

Annotations:
D:7 1 exclusion
Lair:5 2 transporters, exclusion: 3 doors, Sickboy's ghost, journeyman MiFi
Snake:1 2 transporters, hackon's ghost, journeyman HOFi
Snake:2 3 runed translucent doors, exclusion: 3 doors
Elf:1 2 runed translucent doors, Catuneh's ghost, adept MiFi
Elf:2 3 runed translucent doors, exclusion: 3 doors
Zot:1 2 exclusions


Innate Abilities, Weirdness & Mutations

You are completely covered in rugged brown scales. (AC +3, +7% HP)
You have supernaturally acute eyesight. (SInv)
Armour fits poorly on your strangely shaped body.
You can roll at nearby foes to attack.
You have a long armoured tail.
You curl defensively after being hit. (AC +7*)
You have sharp fingernails.
Your flesh is cold resistant. (rC+)
You are frail. (-10% HP)
You occasionally lose the ability to drink potions when taking damage.


Message History

The tormentor calls on the powers of darkness!
The daeva convulses!
Your body is wracked with pain!
Press: ? - help, v - describe, . - travel
Here: Qerak, armed with a vampiric touch (haloed)
The floor.
Unknown command.
Okay, then.
Qerak gestures at you.
The bolt of energy hits you but does no damage.
The tormentor calls on the powers of darkness!
Your body is wracked with pain!
You feel threatened and lose the ability to drink potions!
* * * LOW HITPOINT WARNING * * *
A daeva comes into view.
It is wielding a +2 long sword of holy wrath.
You cannot drink potions in your current state!
Unknown command.
The daeva moves out of view.
There is a stone staircase leading up here.
Qerak gestures at you.
You barely resist.
You climb upwards.
There is a stone staircase leading down here.
You cannot drink potions in your current state!
Cast which spell? (? or * to list)
You don't know that spell.
You cannot drink potions in your current state!
There is a stone staircase leading up here.
You start resting.
You can drink potions again.
Really quaff
s - 12 potions of heal wounds {@q2 !q}?
You feel much better.
Really quaff
s - 11 potions of heal wounds {@q2 !q}?
You feel much better.
Really quaff
s - 10 potions of heal wounds {@q2 !q}?
You feel much better.
(D) Dungeon (T) Temple (L) Lair (A) Shoals (P) Snake Pit (M) Slime Pits (O) Orcish Mines (E) Elven Halls (V) Vaults (C) Crypt (U) Depths (H) Hell (Z) Zot
Where to? (Enter - D:1 @ (x,y), ? - help)
What level of the Dungeon? (default 1, ? - help)
You climb upwards.
There is a stone staircase leading down here.
You see here a +0 quarterstaff.
There is a stone staircase leading up here.
You climb upwards.
Level annotation: 1 exclusion
There is a stone staircase leading down here.
There is an open door here.
There is an open door, spattered with blood here.
You see here a +0 whip.
Things that are here:
a +0 leather armour; a +0 falchion You see here a +0 spear.
There is a stone staircase leading up, spattered with blood here.
You climb upwards.
There is a stone staircase leading down, spattered with blood here.
You see here a +0 flail.
There is a stone staircase leading up here.
You climb upwards.
There is a stone staircase leading down here.
There is a stone staircase leading up here.
A blizzard demon comes into view.
The blizzard demon shouts!
The blizzard demon waves its arms in wide circles.
The air twists around and strikes you!
There is a stone staircase leading up here.
You climb upwards.
There is a stone staircase leading down here.
(D) Dungeon (T) Temple (L) Lair (A) Shoals (P) Snake Pit (M) Slime Pits (O) Orcish Mines (E) Elven Halls (V) Vaults (C) Crypt (U) Depths (H) Hell (Z) Zot
Where to? (Enter - D:1 @ (x,y), ? - help)
Okay, then.
(D) Dungeon (T) Temple (L) Lair (A) Shoals (P) Snake Pit (M) Slime Pits (O) Orcish Mines (E) Elven Halls (V) Vaults (C) Crypt (U) Depths (H) Hell (Z) Zot
Where to? (Enter - D:1 @ (x,y), ? - help)
Things that are here:
a +0 leather armour; 5 stones; a +0 hand axe
There is a stone staircase leading up here.
There is a stone staircase leading up here.
You climb upwards.
There is a stone staircase leading down here.
A lorocyproca comes into view.
There is a stone staircase leading up here.
You climb upwards.
There is a stone staircase leading down here.
(D) Dungeon (T) Temple (L) Lair (A) Shoals (P) Snake Pit (M) Slime Pits (O) Orcish Mines (E) Elven Halls (V) Vaults (C) Crypt (U) Depths (H) Hell (Z) Zot
Where to? (Enter - D:1 @ (x,y), ? - help)
There is a stone staircase leading up here.
You climb upwards.
There is a stone staircase leading down here.
There is a staircase leading out of the dungeon here.
You have escaped!

...###.##..##.#
#.......#.# ##... ..##
#.###.##.###.####.##.#
##.. .##
#.###.#...##.###.....#
##. ##
#.................####
## #
#..##...#.....#...# # #
#.)###.##.######..# #
## #..###..8.....8..##
### .##
#.......#.....#..# ##..
>.# ##.###..#..@..#..#
##.#. .## #.#
#..#.....#..## ##.###
#######.#
#..8.....8...#####.## #
........#
#.######.##.........###
#########
#..#.....##.########.#.
# #...........# ##.# #
#######.##### ### #
#...## # # ###..# #


There were no monsters in sight!

Vanquished Creatures
  the Royal Jelly (Slime:5)
  Dissolution (Arena)
  A dread lich (Zot:5)
  An ancient lich (Zot:5)
  2 orbs of fire
  A curse toe (Zot:5)
  3 Killer Klowns (Zot:5)
  Xtahua (Depths:4)
  Saint Roka (Vaults:2)
  7 golden dragons
  A bone dragon (Depths:4)
  A hellephant (Zot:1)
  An electric golem (Zot:5)
  Jorgrun (Shoals:1)
  5 tentacled monstrosities
  A titan (Shoals:2)
  A lich (Depths:1)
  22 Orb Guardians
  3 deep elf master archers
  Polyphemus (Shoals:2)
  3 quicksilver dragons
  8 acid blobs
  6 deep elf blademasters
  3 death cobs
  A sphinx (Vaults:3)
  12 storm dragons
  An ancient champion (Vaults:3)
  Kirke (Shoals:3)
  A kraken (Shoals:4)
  Agnes (Elf:2)
  3 shadow dragons
  2 draconian monks
  A tengu reaver (Vaults:4)
  5 azure jellies (Slime:5)
  4 nagarajas (Snake:4)
  Ilsuiw (Arena)
  4 draconian knights
  An iron dragon (Depths:4)
  4 fire giants
  5 rockslimes
  6 vault wardens
  Louise (D:15)
  9 deep elf sorcerers
  6 orc warlords
  2 balrugs (Depths:3)
  A draconian scorcher (Zot:5)
  2 ghost moths
  A cacodemon (Depths:3)
  8 frost giants
  4 deep elf elementalists (Elf:3)
  Aizul (Snake:4)
  3 spriggan defenders
  A draconian stormcaller (Zot:1)
  A draconian shifter (Zot:2)
  12 ironbound preservers
  3 quicksilver oozes (Slime:5)
  25 very ugly things
  3 draconian annihilators
  3 deep elf demonologists (Elf:3)
  13 stone giants
  6 deep elf annihilators
  8 ironbound thunderhulks
  2 vampire knights
  7 green draconians
  5 white draconians
  19 spark wasps
  6 black draconians
  2 dire elephants
  Azrael (D:12)
  A crystal guardian (Vaults:3)
  A minotaur (Gauntlet)
  2 purple draconians
  4 yellow draconians
  7 red draconians
  4 entropy weavers
  An eidolon (Vaults:3)
  13 merfolk impalers
  18 ettins
  9 merfolk javelineers
  4 deep elf death magi (Elf:3)
  Josephine (Orc:2)
  6 deep elf high priests
  9 great orbs of eyes
  10 fire dragons
  12 yaktaur captains
  5 boulder beetles
  4 salamander tyrants
  The ghost of ksawer the Severer, a journeyman MiFi of Uskayaw (D:11)
  2 rakshasas (Depths:1)
  Fannar (D:11)
  Harold (Lair:2)
  3 vault guards (Vaults:3)
  3 hell beasts
  5 ogre magi
  5 spriggan air magi
  A ghost crab (Gauntlet)
  6 ice dragons
  Erolcha (Orc:2)
  A peacekeeper (Vaults:3)
  10 hydras
  3 merfolk avatars
  An anaconda (shapeshifter) (D:11)
  Erica (D:11)
  2 catoblepae
  A quicksilver dragon skeleton (D:15)
  9 ironbound frosthearts
  2 alligator snapping turtles (Shoals:4)
  8 anacondas
  12 centaur warriors
  7 merfolk aquamancers
  23 naga warriors
  15 dancing weapons
  15 two-headed ogres
  6 tengu warriors
  10 death yaks
  A death knight (D:15)
  2 satyrs
  2 vampire magi
  4 deep troll shamans
  9 shock serpents
  7 deep troll earth magi
  3 spriggan berserkers
  17 naga sharpshooters
  An orc high priest (Orc:2)
  A soul eater (Zot:1)
  Urug (D:10)
  5 spriggans
  22 deep elf knights
  5 skeletal warriors
  A fire crab (shapeshifter) (Elf:3)
  12 sea snakes
  6 iron trolls
  3 glowing orange brains
  2 sixfirhies
  7 salamander mystics
  59 deep trolls
  8 naga ritualists
  14 deep elf archers
  35 harpies
  A steelbarb worm (shapeshifter) (Depths:4)
  A flayed ghost (Depths:1)
  5 large abominations (D:15)
  10 ironbound convokers
  10 lindwurms (Vaults:3)
  11 wizards
  An obsidian statue (Depths:3)
  Pikel (D:7)
  10 orc knights
  4 phantasmal warriors
  27 deep elf pyromancers
  11 cyclopes
  21 deep elf zephyrmancers
  2 necromancers
  8 manticores
  25 ugly things
  8 mana vipers
  8 fauns
  An orc sorcerer (Orc:1)
  3 shining eyes (Slime:5)
  16 moths of wrath
  9 elephants
  A worldbinder (Gauntlet)
  16 salamanders
  A rust devil (Depths:3)
  2 smoke demons (Depths:3)
  5 merfolk sirens
  23 naga magi
  43 black mambas
  4 water nymphs
  11 vault sentinels
  6 guardian serpents
  A stone giant skeleton (D:15)
  A gargoyle (D:10)
  3 eyes of devastation (Slime:5)
  An orange demon (Depths:3)
  13 cane toads
  A hellion (Depths:3)
  4 centaur skeletons (D:14)
  5 kobold demonologists (D:12)
  3 rime drakes
  11 komodo dragons
  37 yaktaurs
  A hellwing (Depths:3)
  2 guardian mummies (D:15)
  A tormentor (Depths:4)
  4 tengu conjurers
  A queen bee (Lair:4)
  24 merfolk
  A red devil (D:10)
  A troll (shapeshifter) (D:13)
  6 meliai
  8 trolls
  8 wind drakes
  3 polar bears
  5 hornets
  9 snapping turtles
  78 slime creatures
  11 blink frogs
  23 dream sheep
  4 air elementals
  A culicivora (Vaults:1)
  A shadow (D:11)
  38 yaks
  17 water elementals
  3 wyverns
  3 ynoxinuls (Depths:3)
  9 wraiths
  Eustachio (D:5)
  9 fire elementals
  3 basilisks
  2 chaos spawn
  5 golden eyes (Slime:5)
  A hog (Shoals:3)
  4 humans (Shoals:3)
  2 neqoxecs (Depths:3)
  3 redbacks (Vaults:4)
  6 vampire mosquitoes
  7 wargs
  Menkaure (D:6)
  8 small abominations
  77 nagas
  An acid dragon (D:14)
  9 water moccasins
  6 hell hounds
  A floating eye (Depths:1)
  A human zombie (D:15)
  2 ice beasts
  2 sky beasts
  A floating eye zombie (D:15)
  44 orc warriors
  17 centaurs
  14 ogres
  2 boggarts (Gauntlet)
  6 wolves (Bailey)
  A phantom (D:5)
  5 kobold brigands
  9 gnoll sergeants
  14 bullfrogs
  2 necrophages (D:7)
  2 earth elementals (Elf:3)
  2 scorpions
  25 killer bees
  3 electric eels
  8 howler monkeys
  3 jellies
  5 gnoll boudas (Bailey)
  18 orc priests
  2 hounds (Bailey)
  An iguana (D:4)
  25 orc wizards
  33 gnolls
  10 adders
  2 white imps
  2 ufetubi
  2 worms (D:2)
  3 dart slugs
  101 orcs
  5 endoplasms
  7 giant cockroaches
  7 goblins
  11 hobgoblins
  6 jackals
  23 kobolds
  3 quokkas
  8 ball pythons
  3 bats
  3 frilled lizards
  2 rats (D:3)
  A bush (Shoals:3)
  A butterfly (Lair:5)
  A fire vortex (Depths:1)
  2 tentacles (Shoals:4)
2020 creatures vanquished.

Vanquished Creatures (others)
  A deep elf zephyrmancer (Elf:1)
  A naga mage (Snake:4)
  A naga (Snake:2)
  A boggart (Elf:1)
  37 fungi
  67 plants
  9 tentacles (Shoals:4)
  18 withered plants
135 creatures vanquished.

Grand Total: 2155 creatures vanquished

Notes
Turn   | Place    | Note
-------+----------+-------------------------------------------
     0 | D:1      | EnegeticOcto the Palentonga Fighter began the quest for the
                  | Orb.
     0 | D:1      | Reached XP level 1. HP: 19/19 MP: 1/1
   378 | D:1      | Reached XP level 2. HP: 25/25 MP: 2/2
   447 | D:1      | Reached skill level 3 in Maces & Flails
  1020 | D:1      | Reached XP level 3. HP: 31/31 MP: 3/3
  1474 | D:2      | Reached skill level 4 in Maces & Flails
  1608 | D:2      | Reached XP level 4. HP: 37/37 MP: 4/4
  1609 | D:2      | Found a faded altar of an unknown god.
  2349 | D:3      | Noticed a scorpion
  2384 | D:3      | Killed a scorpion
  2385 | D:3      | Reached skill level 5 in Maces & Flails
  2385 | D:3      | Reached XP level 5. HP: 34/43 MP: 5/5
  2450 | D:3      | Found a blossoming altar of Fedhas.
  2467 | D:3      | Found an iron altar of Okawaru.
  2470 | D:3      | Became a worshipper of Warmaster Okawaru
  2586 | D:3      | Found Teq Gato's Book Emporium.
  2697 | D:3      | Found Fomiuh's Weapon Emporium.
  3664 | D:4      | Noticed an ogre
  3699 | D:4      | Killed an ogre
  3700 | D:4      | Reached skill level 6 in Maces & Flails
  3700 | D:4      | Reached skill level 1 in Throwing
  3700 | D:4      | Reached skill level 1 in Invocations
  3700 | D:4      | Reached XP level 6. HP: 34/50 MP: 5/7
  4095 | D:5      | Entered Level 5 of the Dungeon
  4116 | D:5      | Reached skill level 2 in Invocations
  4374 | D:5      | Found Dyrpha's Antique Armour Shoppe.
  4396 | D:5      | Noticed Eustachio
  4585 | D:5      | Killed Eustachio
  4585 | D:5      | Reached * piety under Okawaru
  4586 | D:5      | Reached skill level 2 in Throwing
  4586 | D:5      | Reached skill level 3 in Invocations
  4586 | D:5      | Gained mutation: You curl defensively after being hit. (AC
                  | +7*) [Palentonga growth]
  4586 | D:5      | Reached XP level 7. HP: 47/55 MP: 7/9
  4685 | D:5      | Reached skill level 4 in Fighting
  5092 | D:5      | Reached skill level 5 in Fighting
  5423 | D:5      | Reached ** piety under Okawaru
  5657 | D:6      | Noticed Menkaure
  5662 | D:6      | Killed Menkaure
  5663 | D:6      | Reached skill level 6 in Fighting
  6007 | D:6      | Reached skill level 3 in Shields
  6007 | D:6      | Reached XP level 8. HP: 33/68 MP: 10/10
  6393 | D:6      | Reached *** piety under Okawaru
  6406 | D:6      | Reached skill level 3 in Armour
  6549 | D:7      | Noticed a six-headed hydra
  6597 | D:7      | Found a shadowy altar of Dithmenos.
  6729 | D:7      | Reached skill level 3 in Throwing
  6895 | D:7      | Found Maskoc's Antique Armour Emporium.
  6934 | D:6      | Reached skill level 4 in Shields
  7113 | D:7      | Noticed Pikel
  7133 | D:7      | Killed Pikel
  7133 | D:7      | Reached **** piety under Okawaru
  7134 | D:7      | Reached skill level 7 in Maces & Flails
  7134 | D:7      | Reached skill level 4 in Armour
  7134 | D:7      | Reached XP level 9. HP: 72/73 MP: 9/11
  7134 | D:7      | Found a staircase to the Ecumenical Temple.
  7658 | D:8      | Reached skill level 4 in Throwing
  7664 | D:8      | Reached skill level 5 in Shields
  7893 | D:8      | Reached skill level 4 in Invocations
  8173 | D:8      | Reached skill level 8 in Maces & Flails
  8373 | D:8      | Reached skill level 5 in Invocations
  8752 | D:8      | Noticed a centaur warrior
  8767 | D:8      | Killed a centaur warrior
  8767 | D:8      | Reached ***** piety under Okawaru
  8768 | D:8      | Reached skill level 5 in Throwing
  8768 | D:8      | Reached skill level 6 in Invocations
  9195 | D:8      | Found Xipun's Antique Weapon Emporium.
  9430 | D:8      | You are sucked into a shaft and drop 3 floors!
  9439 | D:11     | Noticed a troll
  9447 | D:11     | Killed a troll
  9448 | D:11     | Reached XP level 10. HP: 81/81 MP: 11/14
  9460 | D:11     | Noticed a white ugly thing
  9488 | D:11     | Killed a white ugly thing
  9488 | D:11     | Received a gift from Okawaru
  9489 | D:11     | Reached skill level 7 in Invocations
  9591 | D:11     | Reached skill level 6 in Throwing
  9770 | D:11     | Noticed Fannar
  9774 | D:11     | Noticed Erica
  9774 | D:11     | Noticed a six-headed hydra
  9774 | D:11     | Noticed a five-headed hydra
  9779 | D:10     | Entered Level 10 of the Dungeon
  9856 | D:10     | Identified the +6 dagger of the Middle {flame, rCorr Dex+4}
  9871 | D:10     | Found a flagged portal.
  9886 | Bailey   | Entered a bailey
 11492 | Bailey   | Reached skill level 7 in Fighting
 12442 | D:5      | Bought a glowing plate armour for 494 gold pieces
 12695 | D:9      | Received a gift from Okawaru
 12701 | D:9      | Reached skill level 7 in Throwing
 12718 | D:9      | Reached skill level 8 in Fighting
 13000 | D:9      | Noticed a two-headed ogre
 13010 | D:9      | Killed a two-headed ogre
 13011 | D:9      | Reached skill level 1 in Dodging
 13011 | D:9      | Reached XP level 11. HP: 76/93 MP: 8/16
 13096 | D:9      | Found a staircase to the Lair.
 13335 | D:9      | Noticed a four-headed hydra
 13335 | D:9      | Noticed an eight-headed hydra
 13653 | D:10     | Reached skill level 9 in Fighting
 13653 | D:10     | Reached skill level 2 in Dodging
 13799 | D:10     | Noticed an ogre mage
 13815 | D:10     | Killed an ogre mage
 13819 | D:10     | Noticed a centaur warrior
 13826 | D:10     | Killed a centaur warrior
 13827 | D:10     | Reached skill level 3 in Dodging
 14210 | D:10     | Identified the +3 dagger "Felaifoi" {distort, Will+ rCorr}
 14865 | D:10     | Noticed Urug
 14879 | D:10     | Killed Urug
 14879 | D:10     | Received a gift from Okawaru
 14880 | D:10     | Reached skill level 10 in Fighting
 14880 | D:10     | Reached skill level 4 in Dodging
 15260 | Lair:1   | Entered Level 1 of the Lair of Beasts
 15422 | Lair:1   | Received a gift from Okawaru
 15653 | Lair:1   | Noticed a four-headed hydra
 15665 | Lair:1   | Killed a four-headed hydra
 15666 | Lair:1   | Reached skill level 9 in Maces & Flails
 16231 | Lair:2   | Received a gift from Okawaru
 16617 | Lair:2   | Reached skill level 8 in Throwing
 16645 | Lair:2   | Reached XP level 12. HP: 78/103 MP: 17/17
 16890 | Lair:2   | Noticed Harold
 17332 | Lair:2   | Killed Harold
 17332 | Lair:2   | Received a gift from Okawaru
 17333 | Lair:2   | Reached skill level 10 in Maces & Flails
 17967 | Lair:3   | Noticed a four-headed hydra
 17978 | Lair:3   | Killed a four-headed hydra
 17978 | Lair:3   | Received a gift from Okawaru
 18099 | Lair:3   | Reached skill level 1 in Polearms
 18108 | Lair:3   | Reached skill level 9 in Throwing
 18122 | Lair:3   | Reached skill level 2 in Polearms
 18161 | Lair:3   | Reached skill level 3 in Polearms
 18169 | Lair:3   | Received a gift from Okawaru
 18187 | Lair:3   | Reached skill level 4 in Polearms
 18305 | Lair:3   | Identified a scroll of acquirement
 18306 | Lair:3   | Acquired 352 gold pieces
 18382 | Lair:3   | Found a staircase to the Shoals.
 18513 | Lair:3   | Reached ****** piety under Okawaru
 18612 | Lair:3   | Reached skill level 5 in Polearms
 18655 | Lair:3   | Noticed a death yak
 18656 | Lair:3   | Noticed a death yak
 18680 | Lair:3   | Killed a death yak
 18680 | Lair:3   | Received a gift from Okawaru
 18686 | Lair:3   | Noticed a seven-headed hydra
 18691 | Lair:3   | Killed a death yak
 18692 | Lair:3   | Reached skill level 10 in Throwing
 18692 | Lair:3   | Reached XP level 13. HP: 110/110 MP: 18/18
 18774 | Lair:3   | Found a staircase to the Snake Pit.
 19031 | Lair:3   | Reached skill level 6 in Polearms
 19170 | Lair:4   | Received a gift from Okawaru
 19188 | Lair:4   | Found a gate leading to a gauntlet.
 19206 | Gauntlet | Entered a Gauntlet
 19206 | Gauntlet | Found a transporter.
 19215 | Gauntlet | Found a transporter.
 19230 | Gauntlet | Found a transporter.
 19235 | Gauntlet | Found a transporter.
 19250 | Gauntlet | Found a transporter.
 19269 | Gauntlet | Found a transporter.
 19281 | Gauntlet | Found a transporter.
 19293 | Gauntlet | Found a transporter.
 19301 | Gauntlet | Noticed a blizzard demon
 19305 | Gauntlet | Found a transporter.
 19317 | Gauntlet | Found a transporter.
 19334 | Gauntlet | Found a transporter.
 19352 | Gauntlet | Found a transporter.
 19354 | Gauntlet | Found a transporter.
 19356 | Gauntlet | Found a runed translucent gate.
 19356 | Gauntlet | Found a runed translucent gate.
 19356 | Gauntlet | Found a runed translucent gate.
 19359 | Gauntlet | Found a large runed translucent door.
 19359 | Gauntlet | Found a large runed translucent door.
 19359 | Gauntlet | Found a large runed translucent door.
 19359 | Gauntlet | Found a large runed translucent door.
 19362 | Gauntlet | Found a large runed translucent door.
 19362 | Gauntlet | Found a large runed translucent door.
 19363 | Gauntlet | Found a large runed translucent door.
 19363 | Gauntlet | Found a large runed translucent door.
 19366 | Gauntlet | Found a large runed translucent door.
 19366 | Gauntlet | Found a large runed translucent door.
 19366 | Gauntlet | Found a runed translucent door.
 19366 | Gauntlet | Found a runed translucent door.
 19367 | Gauntlet | Found a large runed translucent door.
 19368 | Gauntlet | Found a large runed translucent door.
 19377 | Gauntlet | Found a large runed translucent door.
 19377 | Gauntlet | Found a large runed translucent door.
 19378 | Gauntlet | Found a large runed translucent door.
 19379 | Gauntlet | Found a large runed translucent door.
 19379 | Gauntlet | Found a transporter.
 19381 | Gauntlet | Found a transporter.
 19401 | Gauntlet | Found a transporter.
 19403 | Gauntlet | Found a transporter.
 19501 | Gauntlet | Found a transporter.
 20044 | Gauntlet | Noticed a minotaur
 20058 | Gauntlet | Killed a minotaur
 20058 | Gauntlet | Received a gift from Okawaru
 20059 | Gauntlet | Reached skill level 7 in Polearms
 20241 | Lair:4   | Identified the +1 scale mail of Dithmenos's Esteem {Str+2}
 20274 | Lair:4   | Reached skill level 1 in Evocations
 20649 | Lair:4   | Identified the +0 robe of the Blind Marksman {Slay+3}
                  | (Okawaru gifted it to you on level 4 of the Lair of Beasts)
 20649 | Lair:4   | Received a gift from Okawaru
 20653 | Lair:4   | Reached skill level 2 in Evocations
 20796 | Lair:4   | Reached skill level 8 in Polearms
 20876 | Lair:4   | Learned a level 2 spell: Blink
 20957 | Lair:4   | Reached skill level 3 in Evocations
 21705 | D:5      | Bought a helmet for 85 gold pieces
 21895 | Lair:5   | Entered Level 5 of the Lair of Beasts
 22454 | Lair:5   | Reached skill level 4 in Evocations
 22488 | Lair:5   | Found a transporter.
 22494 | Lair:5   | Noticed Sickboy's ghost (journeyman MiFi)
 22563 | Lair:5   | Reached skill level 9 in Polearms
 22690 | Lair:5   | Noticed Sonja
 22713 | Lair:5   | Noticed Sonja
 22713 | Lair:5   | Sonja changed into Sonja the warg
 22719 | Lair:5   | Killed Sonja the warg
 22831 | Lair:5   | Found a transporter.
 22874 | Lair:5   | Reached skill level 10 in Polearms
 22898 | Lair:5   | Received a gift from Okawaru
 23237 | Lair:5   | Reached XP level 14. HP: 64/117 MP: 19/19
 23477 | Lair:5   | Found a staircase to the Slime Pits.
 23743 | D:11     | Killed Erica
 23744 | D:11     | Reached skill level 11 in Polearms
 23949 | D:11     | Identified the +6 chain mail of Leaves {Rampage rC+ rN+++
                  | Dex-3} (Okawaru gifted it to you on level 11 of the
                  | Dungeon)
 23949 | D:11     | Received a gift from Okawaru
 24036 | D:11     | Killed Fannar
 24308 | D:11     | Found a runed translucent door.
 24309 | D:11     | Noticed ksawer's ghost (journeyman MiFi)
 24347 | D:11     | Killed ksawer's ghost
 24696 | D:12     | Noticed Azrael
 24735 | D:12     | Killed Azrael
 24736 | D:12     | Reached skill level 12 in Polearms
 24787 | D:12     | Found a staircase to the Orcish Mines.
 25491 | Orc:1    | Entered Level 1 of the Orcish Mines
 25627 | Orc:2    | Entered Level 2 of the Orcish Mines
 25627 | Orc:2    | Found a staircase to the Elven Halls.
 25631 | Orc:2    | Noticed an orc warlord
 25672 | Orc:2    | Noticed an orc warlord
 25679 | Orc:2    | Killed an orc warlord
 25691 | Orc:2    | Reached skill level 13 in Polearms
 25707 | Orc:2    | Killed an orc warlord
 25839 | Orc:2    | Found Ysomoubi's Distillery.
 25870 | Orc:2    | Bought a potion of cancellation for 88 gold pieces
 25870 | Orc:2    | Bought a potion of haste for 110 gold pieces
 26128 | Orc:2    | Noticed Erolcha
 26138 | Orc:2    | Killed Erolcha
 26182 | Orc:2    | Received a gift from Okawaru
 26326 | Orc:2    | Noticed an orc warlord
 26360 | Orc:2    | Killed an orc warlord
 26607 | Orc:2    | Found Cypappy's Antique Weapon Boutique.
 26609 | Orc:2    | Found Otakenot's Antique Armour Shop.
 26622 | Orc:2    | Bought a smoking broad axe for 270 gold pieces
 26622 | Orc:2    | Identified the +6 broad axe of Sharp Resourcefulness
                  | {drain, *Rage rElec rPois Stlth+} (You bought it in a shop
                  | on level 2 of the Orcish Mines)
 26992 | Orc:2    | Noticed Josephine
 27001 | Orc:2    | Killed Josephine
 27002 | Orc:2    | Reached skill level 14 in Polearms
 27251 | Orc:2    | Found Hampul's Book Boutique.
 27438 | Orc:1    | Identified the +2 ring mail of the Lily {rElec Stlth+}
                  | (Okawaru gifted it to you on level 1 of the Orcish Mines)
 27438 | Orc:1    | Received a gift from Okawaru
 28444 | D:13     | Reached XP level 15. HP: 112/125 MP: 20/20
 28741 | D:13     | Noticed Nessos
 28742 | D:13     | Noticed Nessos
 28742 | D:13     | Nessos changed into Nessos the moth of wrath
 28747 | D:13     | Killed Nessos the moth of wrath
 28819 | D:13     | Reached skill level 8 in Invocations
 28833 | D:13     | Acquired a ring of protection from cold
 28928 | D:13     | Reached skill level 5 in Armour
 29929 | D:14     | Reached skill level 11 in Fighting
 30477 | D:14     | Reached skill level 9 in Invocations
 30677 | D:14     | Received a gift from Okawaru
 30678 | D:14     | Reached skill level 6 in Armour
 30694 | D:14     | Found a gate to the Vaults.
 31074 | D:15     | Entered Level 15 of the Dungeon
 31254 | D:15     | Received a gift from Okawaru
 31366 | D:15     | Identified the +1 helmet "Veuhitew" {Harm rCorr Dex+4}
                  | (Okawaru gifted it to you on level 15 of the Dungeon)
 31366 | D:15     | Received a gift from Okawaru
 31389 | D:15     | Reached skill level 10 in Invocations
 31462 | D:15     | Reached skill level 7 in Armour
 31625 | D:15     | Reached skill level 12 in Fighting
 31685 | D:15     | Found a hazy altar of Hepliaklqana.
 31699 | D:15     | Noticed Louise
 31719 | D:15     | Killed Louise
 31949 | D:15     | Found a staircase to the Depths.
 32735 | Snake:1  | Entered Level 1 of the Snake Pit
 33340 | Snake:1  | Received a gift from Okawaru
 33341 | Snake:1  | Reached XP level 16. HP: 110/135 MP: 24/24
 33765 | Snake:1  | Found Mebb's Jewellery Boutique.
 33778 | Snake:1  | Bought a +4 ring of slaying for 1092 gold pieces
 33977 | Snake:1  | Noticed hackon's ghost (journeyman HOFi)
 33979 | Snake:1  | Found a transporter.
 33983 | Snake:1  | Found a one-way gate to the infinite horrors of the Abyss.
 34048 | Snake:1  | Reached skill level 11 in Invocations
 34209 | Snake:1  | Noticed a hellephant
 34235 | Snake:1  | Found a transporter.
 34445 | Snake:1  | Reached skill level 6 in Shields
 34931 | Snake:2  | Reached skill level 8 in Armour
 35955 | Snake:2  | Reached skill level 7 in Shields
 36481 | Snake:2  | Found a runed translucent gate.
 36481 | Snake:2  | Found a runed translucent gate.
 36481 | Snake:2  | Found a runed translucent gate.
 36682 | Snake:2  | Identified the +0 crystal plate armour of the Old and
                  | Reckless {Rampage Regen+} (Okawaru gifted it to you on
                  | level 2 of the Snake Pit)
 36682 | Snake:2  | Received a gift from Okawaru
 37101 | Snake:2  | Reached skill level 12 in Invocations
 37594 | Snake:3  | Found Lontaf's Antique Weapon Shop.
 37819 | Snake:3  | Reached skill level 9 in Armour
 37947 | Snake:3  | Reached skill level 8 in Shields
 38079 | Snake:3  | Identified the +5 ring mail "Veamesebbi" {Fly} (Okawaru
                  | gifted it to you on level 3 of the Snake Pit)
 38079 | Snake:3  | Received a gift from Okawaru
 38642 | Snake:3  | Reached skill level 13 in Invocations
 38865 | Snake:4  | Entered Level 4 of the Snake Pit
 39521 | Snake:4  | Reached XP level 17. HP: 127/142 MP: 20/26
 39646 | Snake:4  | Reached skill level 9 in Shields
 39708 | Snake:4  | Reached skill level 10 in Armour
 40241 | Snake:4  | Received a gift from Okawaru
 40267 | Snake:4  | Acquired 1071 gold pieces
 40297 | Snake:4  | Reached skill level 14 in Invocations
 40324 | Snake:4  | Received a gift from Okawaru
 40339 | Snake:4  | Noticed Aizul
 40515 | Snake:4  | Killed Aizul
 40522 | Snake:4  | Identified the +0 tower shield of Gestures {Str+4} (Okawaru
                  | gifted it to you on level 4 of the Snake Pit)
 40522 | Snake:4  | Received a gift from Okawaru
 40529 | Snake:4  | Reached skill level 10 in Shields
 41654 | Snake:4  | Reached skill level 15 in Invocations
 41750 | Snake:4  | Reached skill level 11 in Shields
 42120 | Snake:4  | Got a serpentine rune of Zot
 42362 | Snake:1  | Learned a level 1 spell: Apportation
 42439 | Shoals:1 | Entered Level 1 of the Shoals
 42697 | Shoals:1 | Noticed Jorgrun
 42712 | Shoals:1 | Killed Jorgrun
 42723 | Shoals:1 | Received a gift from Okawaru
 43095 | Shoals:2 | Reached skill level 12 in Shields
 43267 | Shoals:2 | Noticed Polyphemus
 43287 | Shoals:2 | Killed Polyphemus
 43303 | Shoals:2 | Reached XP level 18. HP: 149/149 MP: 29/29
 43638 | Shoals:2 | Identified the +7 tower shield of the Realm of Zot {Str+3}
                  | (Okawaru gifted it to you on level 2 of the Shoals)
 43638 | Shoals:2 | Received a gift from Okawaru
 43802 | Shoals:2 | Reached skill level 13 in Shields
 45007 | Shoals:3 | Noticed Kirke
 45014 | Shoals:3 | Killed Kirke
 45015 | Shoals:3 | Reached skill level 14 in Shields
 45155 | Shoals:3 | Identified the +0 animal skin of the Arena {Dex+2 SInv
                  | Stlth+}
 45471 | Shoals:3 | Found Emoedari's Magic Scroll Boutique.
 45479 | Shoals:3 | Bought a scroll of teleportation for 57 gold pieces
 45479 | Shoals:3 | Bought a scroll of magic mapping for 142 gold pieces
 45479 | Shoals:3 | Bought a scroll of enchant armour for 142 gold pieces
 45479 | Shoals:3 | Bought a scroll of teleportation for 57 gold pieces
 45479 | Shoals:3 | Bought a scroll of teleportation for 57 gold pieces
 45630 | Shoals:4 | Entered Level 4 of the Shoals
 45755 | Shoals:4 | Identified the +2 robe of Okawaru's Castigation {Will+
                  | Dex+4 SInv} (Okawaru gifted it to you on level 4 of the
                  | Shoals)
 45755 | Shoals:4 | Received a gift from Okawaru
 45772 | Shoals:4 | Reached skill level 15 in Shields
 46129 | Shoals:4 | Got a barnacled rune of Zot
 46449 | Shoals:4 | Reached skill level 5 in Evocations
 46518 | Shoals:4 | Noticed Ilsuiw
 46526 | Arena    | Entered the Arena
 46543 | Arena    | Killed Ilsuiw
 46835 | Shoals:4 | Identified the +1 trident "Minwear" {vorpal, rPois}
                  | (Okawaru gifted it to you on level 4 of the Shoals)
 46835 | Shoals:4 | Received a gift from Okawaru
 47108 | Shoals:4 | Reached XP level 19. HP: 149/158 MP: 30/30
 47518 | Elf:1    | Entered Level 1 of the Elven Halls
 47537 | Elf:1    | Reached skill level 6 in Evocations
 47556 | Elf:1    | Reached skill level 13 in Fighting
 47715 | Elf:1    | Paralysed by an air elemental for 1 turns
 47720 | Elf:1    | Paralysed by an air elemental for 1 turns
 47725 | Elf:1    | Paralysed by an air elemental for 1 turns
 47733 | Elf:1    | Received a gift from Okawaru
 48021 | Elf:1    | Found a large runed translucent door.
 48021 | Elf:1    | Found a large runed translucent door.
 48027 | Elf:1    | Noticed Catuneh's ghost (adept MiFi)
 48072 | Elf:1    | Reached skill level 11 in Throwing
 48130 | Elf:1    | Identified the +3 barding of Trial and Error {Dex+5}
                  | (Okawaru gifted it to you on level 1 of the Elven Halls)
 48130 | Elf:1    | Received a gift from Okawaru
 48131 | Elf:1    | Reached skill level 7 in Evocations
 48463 | Elf:2    | Paralysed by an air elemental for 1 turns
 48814 | Elf:2    | Noticed Agnes
 48824 | Elf:2    | Killed Agnes
 48950 | Elf:2    | Found a runed translucent gate.
 48950 | Elf:2    | Found a runed translucent gate.
 48951 | Elf:2    | Found a runed translucent gate.
 49283 | Elf:3    | Entered Level 3 of the Elven Halls
 49535 | Elf:3    | Paralysed by an air elemental for 1 turns
 49648 | Elf:3    | Got Sif Muna's Secrets of Chilling Fog
 49707 | Elf:3    | Reached skill level 8 in Evocations
 49762 | Elf:3    | Reached skill level 14 in Fighting
 50542 | Elf:3    | Received a gift from Okawaru
 50576 | Abyss:2  | Cast into level 2 of the Abyss (a ghostly deep elf
                  | demonologist)
 50616 | Elf:3    | Escaped the Abyss
 51428 | Elf:3    | Received a gift from Okawaru
 51471 | Elf:3    | Received a gift from Okawaru
 51539 | Elf:3    | Reached skill level 9 in Evocations
 51545 | Elf:3    | Identified the +6 mace "Waski" {vorpal, Dex+2}
 51549 | Elf:3    | Received a gift from Okawaru
 51550 | Elf:3    | Reached XP level 20. HP: 171/171 MP: 26/31
 51552 | Elf:3    | Reached skill level 12 in Throwing
 51556 | Elf:3    | Received a gift from Okawaru
 51837 | Elf:3    | Identified a ring "Earthly Heaven" {Fire *Slow Will+ Int+4}
 52363 | Vaults:1 | Entered Level 1 of the Vaults
 52460 | Vaults:1 | Found Eleim's Distillery.
 52468 | Vaults:1 | Bought a potion of curing for 42 gold pieces
 52468 | Vaults:1 | Bought a potion of curing for 42 gold pieces
 52468 | Vaults:1 | Bought a potion of heal wounds for 70 gold pieces
 52468 | Vaults:1 | Bought a potion of heal wounds for 70 gold pieces
 52766 | Vaults:1 | Reached skill level 15 in Fighting
 52976 | Vaults:1 | Reached skill level 10 in Evocations
 53584 | Vaults:2 | Found the +9 sword of Zonguldrok {reap}
 53595 | Vaults:2 | Received a gift from Okawaru
 53845 | Vaults:2 | Received a gift from Okawaru
 53922 | Vaults:2 | Received a gift from Okawaru
 54052 | Vaults:2 | Received a gift from Okawaru
 54176 | Vaults:2 | Reached skill level 13 in Throwing
 54265 | Vaults:2 | Identified the +6 mace "Feurchoim" {pain, rF+ rC+ Dex+4}
                  | (Okawaru gifted it to you on level 2 of the Vaults)
 54265 | Vaults:2 | Received a gift from Okawaru
 54266 | Vaults:2 | Reached skill level 16 in Fighting
 54603 | Vaults:2 | Noticed Saint Roka
 54619 | Vaults:2 | Killed Saint Roka
 54773 | Vaults:3 | Found a staircase to the Crypt.
 54835 | Vaults:3 | Received a gift from Okawaru
 54963 | Vaults:3 | Received a gift from Okawaru
 54964 | Vaults:3 | Reached XP level 21. HP: 184/184 MP: 32/32
 54979 | Vaults:3 | Found a flickering gateway to a bazaar.
 54989 | Bazaar   | Entered a bazaar
 54993 | Bazaar   | Found Kuhid's Weapon Shop.
 55007 | Bazaar   | Found Pess's Book Boutique.
 55043 | Bazaar   | Found Cifou's Magic Scroll Boutique.
 55050 | Bazaar   | Bought a scroll of enchant weapon for 127 gold pieces
 55050 | Bazaar   | Bought a scroll of fear for 68 gold pieces
 55050 | Bazaar   | Bought a scroll of enchant armour for 127 gold pieces
 55050 | Bazaar   | Bought a scroll of teleportation for 51 gold pieces
 55053 | Bazaar   | Found Soarghuc's Magic Scroll Shop.
 55061 | Bazaar   | Bought a scroll of enchant weapon for 97 gold pieces
 55061 | Bazaar   | Bought a scroll of immolation for 52 gold pieces
 55061 | Bazaar   | Bought 3 scrolls of teleportation for 117 gold pieces
 55083 | Bazaar   | Found Geleonaz's Distillery.
 55173 | Bazaar   | Bought a manual of Dodging for 560 gold pieces
 56101 | Vaults:3 | Reached skill level 5 in Dodging
 56131 | Vaults:3 | Received a gift from Okawaru
 56245 | Vaults:3 | Reached skill level 17 in Fighting
 56797 | Vaults:4 | Reached skill level 6 in Dodging
 56885 | Vaults:4 | Identified the +3 mace of Upheaval {flame, rElec rC+ Will+}
                  | (Okawaru gifted it to you on level 4 of the Vaults)
 56885 | Vaults:4 | Received a gift from Okawaru
 56900 | Vaults:4 | Reached skill level 14 in Throwing
 57108 | Vaults:4 | Reached skill level 7 in Dodging
 58020 | Vaults:4 | Received a gift from Okawaru
 58021 | Vaults:4 | Reached skill level 11 in Armour
 58043 | Vaults:4 | Reached skill level 8 in Dodging
 58203 | Vaults:4 | Received a gift from Okawaru
 58689 | Depths:1 | Entered Level 1 of the Depths
 58769 | Depths:1 | Noticed a golden dragon
 58791 | Depths:1 | Killed a golden dragon
 58832 | Depths:1 | Received a gift from Okawaru
 58929 | Depths:1 | Received a gift from Okawaru
 58959 | Depths:1 | You fall into a shaft and drop 1 floor!
 59025 | Depths:2 | Reached XP level 22. HP: 195/195 MP: 27/33
 59035 | Depths:2 | Reached skill level 9 in Dodging
 59170 | Depths:1 | Identified the ring of Asceticism {Fly rF- Int+8 Dex+3}
 59207 | Depths:1 | Reached skill level 18 in Fighting
 59431 | Depths:1 | Received a gift from Okawaru
 59481 | Depths:1 | Found a gateway to Hell.
 60002 | Depths:2 | Received a gift from Okawaru
 60017 | Depths:2 | Reached skill level 10 in Dodging
 60629 | Depths:2 | Reached skill level 12 in Armour
 60723 | Depths:2 | Found a one-way gate leading to the halls of Pandemonium.
 60922 | Depths:3 | Received a gift from Okawaru
 61111 | Depths:3 | Received a gift from Okawaru
 61115 | Depths:3 | Reached skill level 11 in Dodging
 61442 | Depths:3 | Reached skill level 15 in Throwing
 61947 | Depths:3 | Found a one-way gateway to a ziggurat.
 62409 | Depths:3 | Received a gift from Okawaru
 62480 | Depths:4 | Entered Level 4 of the Depths
 62504 | Depths:4 | Reached skill level 12 in Dodging
 62519 | Depths:4 | Identified the +2 barding of Waum {Will+ Regen+ Int-3}
                  | (Okawaru gifted it to you on level 4 of the Depths)
 62519 | Depths:4 | Received a gift from Okawaru
 62528 | Depths:4 | Reached skill level 19 in Fighting
 62717 | Depths:4 | Found a gate to the Realm of Zot.
 62717 | Depths:4 | Noticed a golden dragon
 62729 | Depths:4 | Killed a golden dragon
 62730 | Depths:4 | Reached XP level 23. HP: 127/207 MP: 27/34
 62867 | Depths:4 | Noticed Xtahua
 62877 | Depths:4 | Killed Xtahua
 62944 | Depths:4 | Found a flickering gateway to a bazaar.
 62956 | Bazaar   | Entered a bazaar
 62969 | Bazaar   | Found Garoon's Antique Weapon Emporium.
 62981 | Bazaar   | Found Cuerr's Antique Weapon Shoppe.
 62996 | Bazaar   | Found Luroisyz's Antique Armour Shoppe.
 63002 | Bazaar   | Bought a warped plate armour for 896 gold pieces
 63002 | Bazaar   | Identified the +1 plate armour of Distant Shores {Drain
                  | +Blink Str+8} (You bought it in a shop in a bazaar)
 63009 | Bazaar   | Found Xykaipp's Antique Armour Emporium.
 63014 | Bazaar   | Bought transparent fire dragon scales for 1040 gold pieces
 63014 | Bazaar   | Identified the +4 fire dragon scales "Poanwyx" {rF++ rC-
                  | rN+} (You bought it in a shop in a bazaar)
 63014 | Bazaar   | Bought the +3 pair of gauntlets of War {Slay+5} for 760
                  | gold pieces
 63014 | Bazaar   | Found the +3 pair of gauntlets of War {Slay+5}
 63945 | Depths:4 | Found an iron altar of Okawaru.
 64065 | Depths:4 | Received a gift from Okawaru
 64400 | Slime:1  | Entered Level 1 of the Pits of Slime
 64404 | Slime:2  | Noticed Dissolution
 64413 | Arena    | Entered the Arena
 64423 | Arena    | Killed Dissolution
 64504 | Slime:2  | Reached skill level 16 in Throwing
 64562 | Slime:3  | Received a gift from Okawaru
 64929 | Slime:4  | Reached skill level 20 in Fighting
 65034 | Slime:5  | Entered Level 5 of the Pits of Slime
 65036 | Slime:5  | Gained mutation: You occasionally lose the ability to drink
                  | potions when taking damage. [a shining eye]
 65037 | Slime:5  | Gained mutation: You are dopey. (Int -2) [a shining eye]
 65085 | Slime:5  | Gained mutation: You sometimes lose your temper in combat.
                  | [a shining eye]
 65104 | Slime:5  | Found a viscous altar of Jiyva.
 65104 | Slime:5  | Noticed the Royal Jelly
 65121 | Slime:5  | Killed the Royal Jelly
 65121 | Slime:5  | Received a gift from Okawaru
 65122 | Slime:5  | Reached skill level 13 in Dodging
 65176 | Slime:5  | Found the +8 Wrath of Trog {antimagic, *Rage Rampage}
 65223 | Slime:5  | Got a slimy rune of Zot
 65261 | Slime:5  | Identified a ring "Heelapon" {Fire rPois rN+}
 65280 | Slime:5  | Identified the amulet "Roakk" {Faith *Corrode rElec Will+++
                  | Stlth-}
 65716 | Zot:1    | Entered Level 1 of the Realm of Zot
 65935 | Zot:1    | Lost mutation: You are dopey. (Int -2) [potion of mutation]
 65935 | Zot:1    | Lost mutation: You sometimes lose your temper in combat.
                  | [potion of mutation]
 65935 | Zot:1    | Gained mutation: You have sharp fingernails. [potion of
                  | mutation]
 65935 | Zot:1    | Gained mutation: Your flesh is cold resistant. (rC+)
                  | [potion of mutation]
 66306 | Zot:1    | Reached skill level 14 in Dodging
 66697 | Zot:2    | Received a gift from Okawaru
 67195 | Zot:2    | Noticed an orb of fire
 67200 | Zot:2    | Killed an orb of fire
 68452 | Zot:3    | Reached skill level 15 in Dodging
 68824 | Zot:4    | Reached XP level 24. HP: 218/218 MP: 1/34
 69069 | Zot:5    | Entered Level 5 of the Realm of Zot
 70372 | Zot:5    | Identified the +13 plate armour "Ushroti" {rN++ Int-2}
                  | (Okawaru gifted it to you on level 5 of the Realm of Zot)
 70372 | Zot:5    | Received a gift from Okawaru
 70373 | Zot:5    | Reached skill level 17 in Throwing
 70855 | Zot:5    | Noticed an ancient lich
 70863 | Zot:5    | Killed an ancient lich
 70883 | Zot:5    | Noticed a dread lich
 70891 | Zot:5    | Killed a dread lich
 70920 | Zot:5    | Noticed a Killer Klown
 70925 | Zot:5    | Noticed a Killer Klown
 70931 | Zot:5    | Killed a Killer Klown
 70931 | Zot:5    | Noticed a Killer Klown
 70932 | Zot:5    | Killed a Killer Klown
 70938 | Zot:5    | Noticed an orb of fire
 70948 | Zot:5    | Killed a Killer Klown
 70953 | Zot:5    | Killed an orb of fire
 71040 | Zot:5    | Reached skill level 18 in Throwing
 71083 | Zot:5    | Got the Orb of Zot
 71409 | Depths:1 | Noticed Epojum the pandemonium lord
 71533 | D:11     | Gained mutation: You are frail. (-10% HP) [a cacodemon]
 71586 | D:10     | Noticed Qerak the pandemonium lord
 71799 | D:$      | Escaped with the Orb!

Illustrated notes

Levels and vault maps discovered:
D:1:      scummos_arrival_simple_crosswalls, layout_loops_corners
D:2:      layout_loops_ring, shapermc_ecumenical_altar_mp_highgroup
D:3:      layout_loops_ring, nicolae_overflow_squiral, serial_shops, shop,
          nicolae_diamond_shop, nicolae_titane
D:4:      layout_loops_ring
D:5:      layout_rooms, serial_shops, shop, uniq_eustachio
D:6:      layout_basic, corexii_item_surrounded_by_moat, uniq_menkaure
D:7:      layout_gridville, nicolae_dithmenos_the_darkroom,
          minmay_temple_entry_drinking_statues, serial_shops, shop, uniq_pikel
D:8:      layout_loops_ring, serial_shops, shop,
          nicolae_kite_square_tiling_tiny, minmay_misc_feat_tower
D:9:      layout_loops_ring, david_lair_shrubbed, lightli_corner_chamber
D:10:     layout_grid_maze, enter_bailey_2, minmay_radiant, uniq_urug
D:11:     layout_basic, ebering_ghost_inner_flame, uniq_fannar, uniq_erica
D:12:     layout_irregular_city, orc_0_dummy, uniq_azrael
D:13:     layout_loops_cross, nicolae_straight_to_the_point, uniq_nessos
D:14:     layout_loops_ring, hangedman_vaults_entry_quadrant_bands, drop_trap,
          dk_noncrumbling_4, lemuel_nasty_fountain
D:15:     gammafunk_depths_entry_grave, layout_stronghold,
          nzn_hepliaklqana_mist_gate, laboratory, uniq_louise
Lair:1:   layout_chaotic_city, st_stairs_6
Lair:2:   layout_chaotic_city, uniq_harold
Lair:3:   layout_roguey, minmay_shoals_entry_beasts, minmay_shattered_shrine
Lair:4:   layout_roguey, gauntlet_entry_generic, special_room
          [special_room_bee], serial_bayou_shore_b, serial_bayou_shore_a,
          lemuel_fruit_fields
Lair:5:   due_jungle_book, layout_loops_ring, dpeg_slime_entry_enclosed,
          nzn_ghost_randoct, uniq_sonja
Shoals:1: layout_shoals, uniq_jorgrun
Shoals:2: layout_shoals, st_sunken_temple, uniq_polyphemus
Shoals:3: argonaut_golden_fleece, layout_shoals, serial_shops, shop,
          nicolae_shoals_mertower, uniq_kirke
Shoals:4: shoals_end_hangedman, layout_shoals, shoals_ilsuiw_ice
Snake:1:  layout_onion, gammafunk_ghost_abyssal_escape,
          minmay_shop_enchanted_jewellery
Snake:2:  layout_honeycomb, nicolae_snake_horde_hoard
Snake:3:  layout_chambers, serial_shops, shop
Snake:4:  minmay_snake_end_coiled, layout_chambers, uniq_asterion, uniq_aizul
Slime:1:  layout_caves, cheibrodos_slime_lost_civilization_4
Slime:2:  layout_caves, dissolution_awaits, uniq_dissolution
Slime:3:  layout_caves, nicolae_slime_phagocytosis
Slime:4:  layout_caves, basic_altar
Slime:5
Orc:1:    layout_caves, mines4_lemuel
Orc:2:    grunt_orc_community_town_hall, layout_caves,
          grunt_orc_community_big_house_2, grunt_orc_community_big_house_1,
          grunt_orc_community_house_3, grunt_orc_community_house_1,
          grunt_orc_community_house_1, grunt_orc_community_house_3,
          grunt_orc_community_house_3, grunt_orc_community_house_3,
          uniq_erolcha, uniq_josephine
Elf:1:    minmay_elf_arrival_plus, layout_rooms, ebering_ghost_disaster_area,
          hangedman_elf_disciples
Elf:2:    elven_hall_of_blades_hangedman_original
          [nicolae_blade_entry_sentries_behind_glass], layout_onion_city,
          uniq_agnes
Elf:3:    minmay_elf_hall_furrowed, layout_loops_corners, grunt_megastairs_4
Vaults:1: grunt_vaults_twisty, hangedman_vaults_capsules,
          nicolae_vaults_network_quinsquares
          [nicolae_vaults_network_quincunx_subvault,
          nicolae_vaults_network_quincunx_subvault,
          nicolae_vaults_network_quincunx_subvault,
          nicolae_vaults_network_quincunx_subvault], vaults_room_grid,
          vaults_room_grunt_arrival_ludios, v_misc_8, layout_vaults_omnigrid,
          serial_shops, shop
Vaults:2: v_misc_27, nicolae_vaults_alarming, vaults_dpeg_encased_lava,
          nicolae_vaults_puzzle_piece, vaults_dpeg_doors, v_rooms_3, v_misc_18,
          v_alt_pattern_5, vaults_dpeg_hooks, hangedman_vaults_impose,
          vaults_mumra_chevron, layout_vaults_maze_snakey, uniq_saint_roka
Vaults:3: nicolae_vaults_diagonal_hallway_9, minmay_crypt_entry_simple_sparse,
          nicolae_vaults_octagons, nicolae_vaults_network_periphery,
          ontoclasm_vaults_shuriken, grunt_vaults_focal, ontoclasm_vaults_tryst,
          nicolae_vaults_big_angled_halls, v_alt_pattern_6, vaults_dpeg_ring,
          nicolae_vaults_mini_display_case, layout_vaults_chaotic_city,
          serial_shops, bzr_entry_water
Vaults:4: v_rooms_5, v_misc_10, hangedman_vaults_stream, vaults_mumra_minichess,
          v_alt_pattern_6, vaults_room_fours, grunt_vaults_hallway_long,
          nicolae_vaults_minivaults, nicolae_vaults_little_squares_4,
          ontoclasm_vaults_decontamination, nicolae_vaults_little_squares_3,
          layout_vaults_ring
Depths:1: layout_long_grid, pf_coc_iceberg, nicolae_lava_and_water,
          dispersion_dpeg
Depths:2: grunt_double_whammy, layout_cave_pools, hell_entry,
          minmay_misc_feat_square, grunt_pan_entry_in_and_out,
          minmay_liquid_box, serial_bayou_pond_e,
          infiniplex_staircase_hallway_doors, serial_bayou_shore_b,
          serial_bayou_shore_b
Depths:3: nicolae_whirlpool, layout_gridville, enter_ziggurat_f,
          grunt_decor_mini_mirrors, grunt_hell_entry_demonic_statue,
          abyss_entry, pan_entry, minmay_staircase_bubble
Depths:4: grunt_crosshair, layout_basic, abyss_entry, hangedman_geh_valley,
          reono_crystal_passage, serial_shops, bzr_entry_lakeside,
          okawaru_ov_weapons_minmay, grunt_megastairs_2, serial_bayou_shore_b,
          uniq_xtahua
Zot:1:    layout_misc_corridors
Zot:2:    layout_misc_corridors, gammafunk_ghost_cemetery
Zot:3:    layout_onion, uniq_josephina
Zot:4:    layout_gridlike, amethyst_zot_foddershock
Zot:5:    layout_basic

Skill      XL: |  1  2  3  4  5  6  7  8  9 10 11 12 13 14 15 16 17 18 19 20 21 22 23 24 |
---------------+-------------------------------------------------------------------------+-----
Maces & Flails | 3 4 5 6 7 8 9 10 | 10.7
Throwing       | 1 2 3 5 7 8 10 11 13 14 15 16 18 | 18.3
Invocations    | 1 3 6 7 10 13 15 | 15.0
Fighting       | 6 8 10 12 14 16 17 19 20 | 20.0
Shields        | 3 4 5 8 12 15 | 15.0
Armour         | 4 7 9 10 11 12 | 12.0
Dodging        | 1 4 8 12 15 | 15.0
Polearms       | 5 10 14 | 14.0
Evocations     | 4 5 9 10 | 10.0

Action                   |  1- 3 |  4- 6 |  7- 9 | 10-12 | 13-15 | 16-18 | 19-21 | 22-24 || total
-------------------------+-------+-------+-------+-------+-------+-------+-------+-------++-------
Melee: Flail             |   104 |   126 |     1 |       |       |       |       |       ||   231
       Tailslap          |    13 |    20 |    49 |   137 |   256 |   191 |   319 |   295 ||  1280
       Whip              |       |       |   331 |   563 |       |       |       |       ||   894
       Demon trident     |       |       |       |   185 |  1541 |  1534 |  1568 |   999 ||  5827
       Broad axe         |       |       |       |       |       |       |       |   148 ||   148
Throw: Dart              |       |    20 |     7 |    66 |     4 |    12 |     4 |       ||   113
       Boomerang         |       |     9 |     8 |    86 |   266 |   247 |   148 |   437 ||  1201
       Javelin           |       |       |       |     7 |    10 |    18 |    20 |    31 ||    86
       Throwing net      |       |       |       |       |       |       |       |     2 ||     2
Invok: Heroism           |       |       |     8 |    16 |    21 |    27 |    20 |    27 ||   119
       Finesse           |       |       |     1 |     6 |    12 |    13 |    14 |    17 ||    63
       Duel              |       |       |       |       |       |     1 |       |     1 ||     2
 Abil: Rolling Charge    |    26 |    30 |    31 |     9 |     7 |     7 |    49 |    14 ||   173
Evoke: Wand              |       |       |     6 |     2 |     8 |     6 |     2 |     5 ||    29
       Phial of floods   |       |       |       |       |     1 |     1 |       |       ||     2
       Lightning rod     |       |       |       |       |       |     3 |       |       ||     3
       Condenser vane    |       |       |       |       |       |     1 |     3 |     4 ||     8
       Tin of tremorston |       |       |       |       |       |       |     6 |     6 ||    12
  Use: Scroll            |     3 |     4 |     7 |    12 |    17 |    10 |     8 |    12 ||    73
       Potion            |       |       |     1 |     2 |       |     3 |     2 |    24 ||    32
 Stab: Distracted        |       |       |       |       |       |     1 |       |       ||     1
       Petrified         |       |       |       |       |       |     6 |       |       ||     6
       Confused          |       |       |       |       |       |       |       |     4 ||     4
       Held in net/web   |       |       |       |       |       |       |       |     3 ||     3
Armor: Scale mail        |    53 |     3 |       |       |       |       |       |       ||    56
       Ring mail         |       |    56 |   102 |   238 |   193 |       |       |       ||   589
       Chain mail        |       |       |       |       |   492 |   420 |   305 |   395 ||  1612
       Plate armour      |       |       |       |       |       |       |       |    21 ||    21
Dodge: Dodged            |    27 |    47 |   103 |   241 |   536 |   193 |    94 |   264 ||  1505
Block: Buckler           |    11 |    20 |    63 |   124 |   330 |       |       |       ||   548
       Tower shield      |       |       |       |       |    58 |   971 |   994 |  1275 ||  3298

Table legend: (Time is in decaauts)
 A = Elapsed time spent in this place.
 B = Non-inter-level travel time spent in this place.
 C = Inter-level travel time spent in this place.
 D = Time resting spent in this place.
 E = Time spent auto-exploring this place.
 F = Levels seen in this place.
 G = Mean time per level.
                   A        B        C        D        E       F      G
               +--------+--------+--------+--------+--------+-----+--------+
         Total |  69792 |  63639 |   6153 |  12758 |  37337 |  58 | 1203.3 |
       Dungeon |  21034 |  17822 |   3212 |   2615 |  12252 |  15 | 1402.3 |
          Lair |   7869 |   7148 |    721 |   1363 |   4444 |   5 | 1573.8 |
        Shoals |   5146 |   4839 |    307 |    626 |   2933 |   4 | 1286.5 |
     Snake Pit |   9068 |   8839 |    229 |   2095 |   5195 |   4 | 2267.0 |
    Slime Pits |    843 |    787 |     56 |    485 |      0 |   5 |  168.6 |
  Orcish Mines |   2583 |   2343 |    240 |    232 |   1651 |   2 | 1291.5 |
   Elven Halls |   4555 |   4333 |    222 |    940 |   2518 |   3 | 1518.3 |
        Vaults |   5668 |   5493 |    175 |     79 |   4274 |   4 | 1417.0 |
        Depths |   5013 |   4330 |    683 |    464 |   2519 |   4 | 1253.2 |
           Zot |   4797 |   4492 |    305 |   2791 |    652 |   5 |  959.4 |
         Abyss |     39 |     39 |      0 |      0 |      0 |   1 |   39.0 |
        Bazaar |    350 |    350 |      0 |      0 |    166 |   2 |  175.0 |
        Bailey |   1927 |   1927 |      0 |    815 |    550 |   1 | 1927.0 |
      Gauntlet |    867 |    867 |      0 |    249 |    181 |   1 |  867.0 |
         Arena |     26 |     26 |      0 |      0 |      0 |   2 |   13.0 |
               +--------+--------+--------+--------+--------+-----+--------+

Top non-repeatable levels by time:
 Snake:4: 2841 daAuts
   Elf:3: 2717 daAuts
 Snake:2: 2388 daAuts
 Snake:3: 2050 daAuts
  Lair:3: 1978 daAuts
  Bailey: 1927 daAuts
    D:14: 1909 daAuts
    D:10: 1812 daAuts
 Snake:1: 1788 daAuts
Shoals:2: 1786 daAuts
   Zot:5: 1740 daAuts
Vaults:4: 1732 daAuts
     D:8: 1724 daAuts
  Lair:4: 1719 daAuts
   Orc:2: 1679 daAuts
